 Dungeon Crawl Stone Soup version 0.27-a0-93-g19769c27d7 (webtiles) character file.

Game seed: 590280555820077663

3021 tacoguy the Blocker (level 9, 0/83 HPs)
             Began as a Minotaur Fighter on Jan 16, 2021.
             Was a Follower of Okawaru.
             Slain by a two-headed ogre
             ... wielding a +0 giant spiked club
              (10 damage)
             ... on level 7 of the Dungeon.
             The game lasted 00:23:34 (8189 turns).

tacoguy the Blocker (Minotaur Fighter)              Turns: 8189, Time: 00:23:34

Health: 0/83       AC:  9    Str: 23    XL:     9   Next: 55%
Magic:  8/8        EV:  8    Int: 11    God:    Okawaru [*.....]
Gold:   174        SH: 12    Dex: 11    Spells: 8/8 levels left

rFire    . . .     SeeInvis .   G - +2 rapier (elec)
rCold    . . .     Faith    .   c - +0 kite shield
rNeg     . . .     Spirit   .   b - +0 scale mail
rPois    .         Reflect  .   (helmet restricted)
rElec    .         Harm     .   v - +0 cloak
rCorr    +         Rampage  .   (no gloves)
Will     .....                  (no boots)
Stlth    ..........             C - amulet of the acrobat
HPRegen  0.23/turn              m - ring of resist corrosion
MPRegen  0.11/turn              E - +6 ring of intelligence

@: mighty
A: retaliatory headbutt, horns 2
a: Renounce Religion, Heroism


You were on level 7 of the Dungeon.
You worshipped Okawaru.
Okawaru was aware of your devotion.
You visited 1 branch of the dungeon, and saw 8 of its levels.

You collected 483 gold pieces.
You spent 309 gold pieces at shops.

Inventory:

Hand Weapons
 G - a +2 rapier of electrocution (weapon)
Armour
 b - a +0 scale mail (worn)
 c - a +0 kite shield (worn)
 v - a +0 cloak (worn)
Jewellery
 m - a ring of resist corrosion (left hand)
 s - an uncursed ring of wizardry
 C - an amulet of the acrobat (around neck)
 E - a +6 ring of intelligence (right hand)
Wands
 n - a wand of random effects (19)
 o - a wand of disintegration (20)
 u - a wand of acid (10)
Scrolls
 h - 4 scrolls of remove curse
 i - 2 scrolls of fog
 j - a scroll of magic mapping
 k - a scroll of amnesia
 p - 2 scrolls of noise
 q - 2 scrolls of enchant weapon
 r - a scroll of brand weapon {unknown}
 w - a scroll of fear
 y - a scroll of vulnerability {unknown}
 B - 2 scrolls of teleportation {unknown}
 D - a scroll of enchant armour {unknown}
 F - 2 scrolls of identify
Potions
 d - 4 potions of might
 e - 3 potions of curing
 f - 2 potions of magic
 g - 3 potions of lignification
 l - 3 potions of ambrosia
 t - a potion of haste {unknown}
 x - a potion of attraction {unknown}
 z - a potion of cancellation {unknown}
 A - 3 potions of heal wounds {unknown}


   Skills:
 * Level 9.2 Fighting
 * Level 0.5 Short Blades
 - Level 6.3 Axes
 * Level 9.3 Armour
 * Level 9.3 Shields


You had 8 spell levels left.
You didn't know any spells.
Your spell library contained the following spells:

 Spells                   Type           Power        Failure   Level
 Magic Dart               Conj           0%           85%         1
 Blink                    Tloc           N/A          94%         2
 Call Imp                 Summ           0%           94%         2
 Slow                     Hex            0%           94%         2
 Conjure Flame            Conj/Fire      0%           99%         3
 Mephitic Cloud           Conj/Pois/Air  0%           99%         3


Dungeon Overview and Level Annotations

Branches:
Dungeon (8/15)             Temple (0/1) D:6
   Lair: D:8-11

Altars:
Ashenzari
Cheibriados
Dithmenos
Elyvilon
Fedhas
Okawaru
Xom
Yredelemnul

Shops:
D:8 ?(


Innate Abilities, Weirdness & Mutations

You reflexively headbutt those who attack you in melee.
You have a pair of horns on your head.


Message History

As you read the scroll of fear, it crumbles to dust.
You assume a fearsome visage.
The two-headed ogre looks frightened!
You feel better.
You start resting.
A two-headed ogre is nearby!
You feel better.
You feel very mighty all of a sudden. The two-headed ogre closely misses you.
You furiously retaliate!
You headbutt the two-headed ogre!
The two-headed ogre hits you with a +0 giant spiked club!!
You puncture the two-headed ogre!
The two-headed ogre is heavily wounded.
You block the two-headed ogre's attack.
The two-headed ogre hits you with a +0 giant spiked club!!
* * * LOW HITPOINT WARNING * * *
You puncture the two-headed ogre! You headbutt the two-headed ogre!
The two-headed ogre is severely wounded.
You block the two-headed ogre's attack.
The two-headed ogre hits you with a +0 giant spiked club!
You die...

#...........................#
########...#.###.#.##.#######
#......# #.#.##.# ##...#.#
#.#.##.# ##.##.# #.#.##.#
####.# #.....<# #.# ###.####
#.#####.# #.O@....# #########


You could see a two-headed ogre.

Vanquished Creatures
  A yak (D:5)
  Menkaure (D:5)
  A water moccasin (D:7)
  A sky beast (D:8)
  An orc warrior (D:7)
  A black bear (D:5)
  An ice beast (D:5)
  A necrophage (D:8)
  2 phantoms
  3 centaurs
  4 ogres
  6 bullfrogs
  A water moccasin zombie (D:7)
  A scorpion (D:5)
  2 electric eels (D:7)
  2 orc priests
  Crazy Yiuf (D:5)
  6 hounds
  3 jellies
  3 iguanas
  2 orc wizards
  4 worker ants
  A killer bee zombie (D:5)
  2 hound skeletons
  6 adders
  4 gnolls (D:3)
  2 shadow imps
  A white imp (D:6)
  An ufetubus (D:5)
  3 adder skeletons
  3 worms
  A dart slug (D:1)
  6 leopard geckos
  21 orcs
  A ball python (D:1)
  7 bats
  2 giant cockroaches
  6 hobgoblins
  12 jackals
  9 quokkas
  A ball python zombie (D:4)
  4 frilled lizards
  5 goblins
  6 kobolds
  3 quokka skeletons
  A rat (D:1)
  A bush (D:6)
157 creatures vanquished.

Notes
Turn   | Place    | Note
-------+----------+-------------------------------------------
     0 | D:1      | tacoguy the Minotaur Fighter began the quest for the Orb.
     0 | D:1      | Reached XP level 1. HP: 19/19 MP: 0/0
   311 | D:1      | Reached XP level 2. HP: 27/27 MP: 1/1
  1024 | D:2      | Found a basalt altar of Yredelemnul.
  1052 | D:2      | Reached XP level 3. HP: 33/33 MP: 2/2
  1194 | D:2      | Found a snail-covered altar of Cheibriados.
  1197 | D:2      | Found a broken altar of Ashenzari.
  1201 | D:2      | Found a shimmering altar of Xom.
  1538 | D:3      | Reached XP level 4. HP: 31/41 MP: 3/3
  1958 | D:3      | Reached XP level 5. HP: 47/47 MP: 4/4
  2218 | D:4      | Noticed an ogre
  2226 | D:4      | Killed an ogre
  2227 | D:4      | Reached skill level 5 in Fighting
  2227 | D:4      | Reached skill level 5 in Armour
  2227 | D:4      | Reached skill level 5 in Shields
  2281 | D:4      | Noticed an ogre
  2285 | D:4      | Killed an ogre
  2286 | D:4      | Reached XP level 6. HP: 24/56 MP: 5/5
  2956 | D:4      | Reached XP level 7. HP: 52/62 MP: 6/6
  3490 | D:4      | Found a shadowy altar of Dithmenos.
  3682 | D:5      | Entered Level 5 of the Dungeon
  3947 | D:5      | Noticed a yak
  3958 | D:5      | Killed a yak
  3959 | D:5      | Reached XP level 8. HP: 71/71 MP: 7/7
  3981 | D:5      | Reached skill level 5 in Axes
  4251 | D:5      | Noticed Menkaure
  4257 | D:5      | Killed Menkaure
  4610 | D:5      | Found an iron altar of Okawaru.
  4634 | D:5      | Became a worshipper of Warmaster Okawaru
  5018 | D:5      | Found a runed translucent door.
  5019 | D:5      | Noticed Crazy Yiuf
  5025 | D:5      | Killed Crazy Yiuf
  5564 | D:6      | Reached XP level 9. HP: 82/82 MP: 8/8
  5578 | D:6      | Found a staircase to the Ecumenical Temple.
  5908 | D:6      | Found a blossoming altar of Fedhas.
  7057 | D:7      | Reached * piety under Okawaru
  7537 | D:7      | Found a white marble altar of Elyvilon.
  7701 | D:8      | Found Bouticor's Magic Scroll Emporium.
  7710 | D:8      | Bought a scroll of identify for 24 gold pieces
  7710 | D:8      | Bought a scroll of identify for 24 gold pieces
  7710 | D:8      | Bought a scroll of enchant weapon for 90 gold pieces
  7710 | D:8      | Bought a scroll of identify for 24 gold pieces
  7895 | D:8      | Found Nifi's Antique Weapon Emporium.
  7908 | D:8      | Bought a glowing rapier for 147 gold pieces
  8095 | D:8      | Noticed a two-headed ogre
  8189 | D:7      | Slain by a two-headed ogre

Illustrated notes

Levels and vault maps discovered:
D:1:      scummos_arrival_checkerplants, layout_loops_corners,
          serial_bayou_pond_d, minmay_misc_feat_plants
D:2:      layout_rooms, lemuel_crystal_altar, grunt_temple_overflow_diamond,
          chequers_serial_rivers_marsh
D:3:      layout_rooms, minivault_24, grunt_decor_clamped
D:4:      layout_loops_corners, lemuel_doored_altar, wad_floor_pattern_2
D:5:      cheibrodos_fzero, layout_loops_ring, kennysheep_okawaru_gauntlet,
          uniq_crazy_yiuf_cottage, uniq_menkaure
D:6:      layout_basic, fedhas_bush_and_centaur_altar,
          minmay_temple_entry_sparse_star, hangedman_decor_slide_cut,
          due_unseen_surprise
D:7:      layout_loops_corners, kennysheep_mini, nrook_mini_backslash,
          kennysheep_big_empty_room
D:8:      layout_cave_pools, serial_shops, kennysheep_mini_moat, shop,
          nicolae_shop_trees

Skill      XL: |  1  2  3  4  5  6  7  8  9 |
---------------+----------------------------+-----
Armour         | 4 5 6 7 8 9 |  9.3
Shields        | 4 5 6 7 8 9 |  9.3
Fighting       | 4 5 6 8 9 |  9.2
Axes           | 3 4 5 6 |  6.3
Short Blades   | |  0.5

Action                   |  1- 3 |  4- 6 |  7- 9 || total
-------------------------+-------+-------+-------++-------
Melee: War axe           |    70 |    87 |   285 ||   442
       Headbutt          |     8 |    13 |    64 ||    85
       Rapier            |       |       |     9 ||     9
Evoke: Wand              |       |       |     4 ||     4
  Use: Scroll            |     5 |       |     7 ||    12
       Potion            |       |       |     4 ||     4
Armor: Scale mail        |    43 |    18 |   101 ||   162
Dodge: Dodged            |    21 |    24 |    97 ||   142
Block: Kite shield       |    46 |    53 |   168 ||   267

Table legend: (Time is in decaauts)
 A = Elapsed time spent in this place.
 B = Non-inter-level travel time spent in this place.
 C = Inter-level travel time spent in this place.
 D = Time resting spent in this place.
 E = Time spent auto-exploring this place.
 F = Levels seen in this place.
 G = Mean time per level.
                   A        B        C        D        E       F      G
               +--------+--------+--------+--------+--------+-----+--------+
         Total |   8337 |   8073 |    264 |   1578 |   5098 |   8 | 1042.1 |
       Dungeon |   8337 |   8073 |    264 |   1578 |   5098 |   8 | 1042.1 |
               +--------+--------+--------+--------+--------+-----+--------+

Top non-repeatable levels by time:
     D:7: 1529 daAuts
     D:5: 1515 daAuts
     D:4: 1501 daAuts
     D:6: 1114 daAuts
     D:1: 981 daAuts
     D:3: 733 daAuts
     D:2: 546 daAuts
     D:8: 414 daAuts
